 Dungeon Crawl Stone Soup version 0.29-a0-371-g91724d5b39 (webtiles) character file.

Game seed: 13932279122616170494

4 croobank the Sneak (level 1, -6/16 HPs)
             Began as an Octopode Delver on May 2, 2022.
             Mangled by a goblin
             ... wielding a +0 club
             ... led by Robin
              (7 damage)
             ... on level 2 of the Dungeon.
             The game lasted 00:02:40 (125 turns).

croobank the Sneak (Octopode Delver)                 Turns: 125, Time: 00:02:41

Health: -6/16      AC:  1    Str: 11    XL:     1   Next: 70%
Magic:  1/1        EV: 13    Int: 12    God:
Gold:   31         SH:  0    Dex: 13    Spells: 0/0 levels left

rFire   . . .      SeeInvis .   a - +0 hand axe
rCold   . . .      Faith    .   (no shield)
rNeg    . . .      Spirit   .   (helmet restricted)
rPois   .          Reflect  .   (no amulet)
rElec   .          Harm     .   d - ring of willpower
rCorr   .          Rampage  .   (no ring)
Will    +....                   (no ring)
Stlth   ++++......              (no ring)
HPRegen 0.05/turn               (no ring)
MPRegen 0.07/turn               (no ring)
                                (no ring)
                                (no ring)

@: no status effects
A: almost no armour, amphibious, 8 rings, camouflage 1, gelatinous body 1,
(nimble swimmer 1), tentacles
a: no special abilities


You were on level 2 of the Dungeon.
You visited 1 branch of the dungeon, and saw 4 of its levels.

You collected 31 gold pieces.

Inventory:

Hand Weapons
 a - a +0 hand axe (weapon)
Jewellery
 d - a ring of willpower (left tentacle)
Wands
 f - a wand of digging (3)
Scrolls
 b - a scroll of fog
 h - a scroll of amnesia {unknown}
 i - a scroll of identify {unknown}


   Skills:
 + Level 3.0 Fighting
 + Level 2.1 Axes
 + Level 2.1 Dodging
 + Level 6.7 Stealth


You couldn't memorise any spells.
You didn't know any spells.
Your spell library was empty.

Dungeon Overview and Level Annotations

Branches:
Dungeon (5/15)
 Temple: D:4-7

Altars:

Shops:
D:4 (

Annotations:
D:2 Robin
D:4 Blork the orc, Dowan, Duvessa, Grinder, Pikel


Innate Abilities, Weirdness & Mutations

You cannot wear most types of armour.
You are amphibious.
You can wear up to eight rings at the same time.
Your skin changes colour to match your surroundings (Stealth+).
Your rubbery body absorbs attacks. (AC +1, EV +1)
((You are camouflaged when in or above water. (Stealth+)))
You have tentacles for arms and can constrict up to eight enemies at once.


Message History

You hit the hobgoblin.
You kill the hobgoblin!
You hit the goblin.
You kill the goblin!
You hit the goblin but do no damage. You barely miss Robin.
The goblin hits you with a +0 club. Robin throws the goblin at you!
You barely miss the goblin. You miss Robin. You miss the goblin.
The goblin misses you. The goblin hits you with a +0 club.
Robin throws the goblin at you!
A goblin comes into view. It is wielding a +0 dagger.
You feel less invigorated.
You feel less confused. The goblin barely misses you.
The goblin hits you with a +0 dagger.
A goblin comes into view. It is wielding a +0 club.
Robin hits you with a +0 dagger.
The goblin moves out of view.
You see here a +0 dagger.
The goblin attacks as you move away! The goblin hits you with a +0 dagger.
Robin attacks as you move away! Robin hits you with a +0 dagger.
Found a mace.
Robin says, "Kneel, worm!"
Robin throws the goblin at you!
* * * LOW HITPOINT WARNING * * *
You hit the goblin. You grab the goblin.
The goblin is severely wounded.
You hit the goblin but do no damage. You barely miss the goblin.
You hit the goblin. x2
You kill the goblin!
You constrict the goblin, but do no damage.
The goblin closely misses you. The goblin barely misses you.
Robin roars a battlecry!
The goblins go into a battle-frenzy!
The goblin misses you. The goblin hits you with a +0 dagger.
* * * LOW HITPOINT WARNING * * *
The goblin barely misses you. The goblin misses you.
The goblin barely misses you.
You closely miss the goblin. You grab the goblin. You hit the goblin.
You kill the goblin!
You hit the goblin. You hit the hobgoblin. You hit Robin but do no damage.
You closely miss the goblin. You constrict the goblin.
The goblin hits you with a +0 club!
You die...

******,,,,,*****,* **,
*****..,,,,,* ***,,
**########*.#****** *,,,,
********,#)..#..##.# *,*,*
*,,,**,,*,,P.....#.# *,*,*
*,,,+,****,,.......## *,*,*
*,,,*** **,,#......# *,*,* *****
***#...)..# *,*,*
#.g@g..####*****,*,*
#.ggg.g....,,>,,,,,, *
#...g......*,,**,*,, *
#..##.g.##.*,,**,*,, *
#..#,....#,,,,,,,,,, *
#...,......,,,,*,*,,
*************#.^#,,....#,,,,,,*,,
,,,,,,,,,,,,,...[*,....#,,,,,,,,,
************##.#.,,,.###**,,,,,,*


You could see Robin, a hobgoblin (strong) and 6 goblins.

Vanquished Creatures
  3 goblins (D:2)
  A hobgoblin (D:2)
  A frilled lizard (D:3)
5 creatures vanquished.

Notes
Turn   | Place    | Note
-------+----------+-------------------------------------------
     0 | D:5      | croobank the Octopode Delver began the quest for the Orb.
     0 | D:5      | Reached XP level 1. HP: 16/16 MP: 1/1
    23 | D:5      | Noticed an orc wizard
    25 | D:5      | Noticed an iguana
    29 | D:5      | Noticed an orc wizard
    34 | D:4      | Noticed Blork the orc
    38 | D:4      | Noticed Dowan
    40 | D:4      | Found Lelyut's Firing Range.
    41 | D:4      | Noticed Duvessa
    47 | D:4      | Noticed a hound
    48 | D:4      | Noticed a lemure
    51 | D:4      | Noticed Pikel
    51 | D:4      | Noticed Grinder
    52 | D:4      | Noticed a lemure
   110 | D:2      | Noticed Robin
   125 | D:2      | Mangled by a goblin

Illustrated notes

Levels and vault maps discovered:
D:2:      minmay_alternating_diamond, layout_loops_ring, uniq_robin,
          uniq_jessica, uniq_crazy_yiuf_cottage
D:3:      layout_basic
D:4:      layout_basic, nicolae_shop_firing_range, uniq_menkaure, uniq_duvessa,
          uniq_pikel, uniq_grinder, uniq_blork_the_orc
D:5:      layout_rooms, uniq_ijyb

Action                   || total
-------------------------++-------
Melee: Hand axe          ||     7
       Constrict         ||     2
  Use: Scroll            ||     2
       Potion            ||     2
Armor: Skin              ||     1
Dodge: Dodged            ||    13

Table legend: (Time is in decaauts)
 A = Elapsed time spent in this place.
 B = Non-inter-level travel time spent in this place.
 C = Inter-level travel time spent in this place.
 D = Time resting spent in this place.
 E = Time spent auto-exploring this place.
 F = Levels seen in this place.
 G = Mean time per level.
                   A        B        C        D        E       F      G
               +--------+--------+--------+--------+--------+-----+--------+
         Total |    104 |    104 |      0 |     17 |      0 |   4 |   26.0 |
       Dungeon |    104 |    104 |      0 |     17 |      0 |   4 |   26.0 |
               +--------+--------+--------+--------+--------+-----+--------+

Top non-repeatable levels by time:
     D:3: 36 daAuts
     D:5: 34 daAuts
     D:2: 18 daAuts
     D:4: 15 daAuts
